 Dungeon Crawl Stone Soup version 0.28-a0-1412-gf95308ed99 (webtiles) character file.

Game seed: 9657064663068876068

9457 croobank the Cleaver (level 11, -9/78 HPs)
             Began as a Demonspawn Abyssal Knight on Jan 7, 2022.
             Was an Elder of Lugonu.
             Mangled by Snorg (13 damage)
             ... on level 11 of the Dungeon.
             The game lasted 00:46:44 (13406 turns).

croobank the Cleaver (Demonspawn Abyssal Knight)   Turns: 13406, Time: 00:47:14

Health: -9/78      AC: 17    Str: 17    XL:     11   Next: 23%
Magic:  14/14      EV: 12    Int: 18    God:    Lugonu [****..]
Gold:   391        SH:  6    Dex: 18    Spells: 10/10 levels left

rFire   . . .      SeeInvis .   l - +0 war axe (elec)
rCold   . . .      Faith    .   f - +1 buckler
rNeg    . . .      Spirit   .   C - +2 ring mail of Sin {Dex+4 Slay+5}
rPois   +          Reflect  .   i - +2 helmet
rElec   .          Harm     .   (no cloak)
rCorr   .          Rampage  .   G - +0 pair of gloves
Will    .....                   m - +0 pair of boots
Stlth   +.........              (no amulet)
HPRegen 0.23/turn               E - +6 ring of intelligence
MPRegen 0.14/turn               (no ring)

@: no status effects
A: slimy green scales 3, ignite blood 1, demonic touch 2
a: Renounce Religion, Depart the Abyss, Bend Space, Banish, Corrupt


You were on level 11 of the Dungeon.
You worshipped Lugonu.
Lugonu was greatly pleased with you.
You visited 1 branch of the dungeon, and saw 11 of its levels.
You visited the Abyss 1 time.
You also visited: Ossuary.

You collected 580 gold pieces.
You spent 189 gold pieces at shops.

Inventory:

Hand Weapons
 a - a +2 hand axe of freezing
 b - a +0 hunting sling
 e - a +1 dagger of freezing
 l - a +0 war axe of electrocution (weapon)
 o - a +0 morningstar
 v - a +0 longbow
 F - a +4 falchion
 N - a +5 long sword
Missiles
 c - 196 arrows
 g - 67 poisoned darts
 h - 286 stones
 t - 127 sling bullets
 w - 54 bolts
 L - a throwing net
 T - 4 boomerangs of dispersal
Armour
 f - a +1 buckler (worn)
 i - a +2 helmet (worn)
 m - a +0 pair of boots (worn)
 s - a +5 scale mail
 C - the +2 ring mail of Sin (worn) {Dex+4 Slay+5}
   (You found it on level 6 of the Dungeon)

   Dex:       It affects your dexterity (+4).
   Slay:      It affects your accuracy & damage with ranged weapons and melee
   (+5).
 G - a +0 pair of gloves (worn)
 W - +0 steam dragon scales
Jewellery
 q - a ring of poison resistance
 E - a +6 ring of intelligence (left hand)
Wands
 D - a wand of mindburst (20)
 J - a wand of polymorph (2)
 P - a wand of acid (15)
 Q - a wand of paralysis (12)
 R - a wand of charming (9)
 V - a wand of iceblast (8)
Scrolls
 d - 6 scrolls of immolation
 k - a scroll of holy word
 n - 3 scrolls of blinking
 p - a scroll of acquirement {unknown}
 r - a scroll of fear {unknown}
 x - 3 scrolls of fog
 y - a scroll of summoning
 A - a scroll of silence {unknown}
 H - 8 scrolls of teleportation
 I - a scroll of magic mapping {unknown}
 K - a scroll of brand weapon
 U - a scroll of enchant weapon {unknown}
Potions
 j - 2 potions of brilliance
 u - 4 potions of curing
 z - 2 potions of heal wounds
 B - 2 potions of flight
 M - a potion of lignification {unknown}
 S - a potion of magic {unknown}
Miscellaneous
 O - a condenser vane


   Skills:
 - Level 4.8 Fighting
 + Level 14.2 Axes
 - Level 3.8 Armour
 - Level 3.2 Dodging
 - Level 3.1 Shields
 - Level 5.2 Invocations


You had 10 spell levels left.
You didn't know any spells.
Your spell library contained the following spells:

 Spells                   Type           Power      Damage    Failure   Level
 Animate Skeleton         Necr           0%         N/A       45%         1
 Apportation              Tloc           0%         N/A       45%         1
 Pain                     Necr           0%         1d4       45%         1
 Slow                     Hex            0%         N/A       45%         1
 Summon Small Mammal      Summ           0%         N/A       45%         1
 Passwall                 Tmut/Erth      0%         N/A       61%         2
 Call Canine Familiar     Summ           0%         N/A       83%         3
 Confusing Touch          Hex            0%         N/A       83%         3
 Summon Guardian Golem    Hex/Summ       0%         N/A       83%         3
 Swiftness                Air            0%         N/A       83%         3
 Vampiric Draining        Necr           0%         2d6       83%         3
 Cause Fear               Hex            0%         N/A       99%         4
 Leda's Liquefaction      Hex/Erth       0%         N/A       99%         4
 Lee's Rapid Deconstruct  Erth           0%         3d5*      100%        5
 Statue Form              Tmut/Erth      0%         N/A       100%        6
 Dragon Form              Tmut           0%         N/A       100%        7
 Dragon's Call            Summ           0%         N/A       100%        9


Dungeon Overview and Level Annotations

Branches:
Dungeon (11/15)            Temple (0/1) D:4             Orc (0/2) D:9
Ossuary (visited)
   Lair: D:8-11

Altars:
Elyvilon
Fedhas
Hepliaklqana
Okawaru
Yredelemnul
The Shining One
Beogh

Shops:
D:6 *   D:8 *   D:9 [

Annotations:
D:3 2 transporters
D:8 exclusion: oklob plant
D:11 Snorg


Innate Abilities, Weirdness & Mutations

You are completely covered in slimy green scales. (AC +4, rPois)
Your demonic aura sometimes causes spilled blood to erupt in flames.
Your touch may inflict irresistible damage on your foes.


Message History

The yak is lightly wounded.
The yak barely misses you.
You slash the yak!
The yak is moderately wounded.
You block the yak's attack.
You slash the yak!
The yak is heavily wounded.
The yak is engulfed in blazing flames.
The yak barely misses you.
You slash the yak!
You kill the yak!
Lugonu accepts your kill.
You see here a yak corpse.
You start resting.
HP restored.
Snorg the Insatiable comes into view.
Snorg shouts!
You hear a bellow! x4
Snorg goes berserk!
A two-headed ogre comes into view. It is wielding two +0 giant clubs.
Found a stone staircase leading down.
The two-headed ogre shouts in stereo!
Snorg bites you! Snorg claws you but does no damage. Snorg claws you!!
Snorg is engulfed in blazing flames.
You block Snorg's attack. Snorg barely misses you.
Snorg claws you but does no damage.
You slice Snorg!!
Snorg is moderately wounded.
A yak comes into view. x2
Snorg is engulfed in blazing flames.
Snorg misses you. Snorg claws you. Snorg claws you!
You hit Snorg.
Snorg is moderately wounded.
Snorg is engulfed in blazing flames.
Snorg misses you. Snorg claws you!
* * * LOW HITPOINT WARNING * * *
Snorg barely misses you.
You closely miss Snorg.
Snorg is heavily wounded.
Snorg is engulfed in blazing flames.
Snorg bites you but does no damage. Snorg claws you!
* * * LOW HITPOINT WARNING * * *
Snorg claws you!
You die...

...... #.##.. # . #.....
.#.. #.##.##### ..... #.
#.##.#...##...... #.#
#.##.#........... #.#
####.##.#...##...... #.#
#........°#...OY.... #.#
#.##.####@.Y#.Y..... #.#
#†#####T##.......
#.#########)†..............
...........######.##.##.. .
...#######.# #.# # .. <#.#
#.# .# .#.# #.# .. ...###
#.# .> ..)..# #.#


You could see Snorg (berserk), a two-headed ogre and 2 yaks.

Vanquished Creatures
  A centaur warrior (D:11)
  A two-headed ogre (D:10)
  A death yak (D:11)
  Maurice (D:10)
  Maggie (D:10)
  A troll (D:9)
  A hornet (D:7)
  A wraith (D:9)
  5 wyverns
  Eustachio (D:4)
  6 yaks
  9 vampire mosquitoes
  2 steam dragons
  A water moccasin (D:8)
  An orc warrior (D:10)
  An ice beast (D:6)
  3 sky beasts
  2 necrophages
  An ogre (D:8)
  A phantom (D:6)
  6 centaurs
  A kobold brigand (D:7)
  Blork the orc (D:6)
  3 bullfrogs
  10 scorpions (Ossuary)
  5 wights
  3 killer bees (D:9)
  An electric eel (D:10)
  A centaur zombie (Ossuary)
  A human zombie (Ossuary)
  3 orc priests
  A jelly (D:6)
  A centaur skeleton (D:7)
  2 bullfrog skeletons
  A hound (D:7)
  An iguana (D:6)
  Natasha (thrice) (D:2)
  3 orc wizards
  3 scorpion zombies (Ossuary)
  A hound skeleton (D:4)
  3 mummies (Ossuary)
  3 gnolls (D:6)
  A howler monkey skeleton (D:3)
  5 adders
  2 adder skeletons (D:4)
  A dart slug (D:2)
  29 orcs
  7 endoplasms
  2 giant cockroaches (D:4)
  4 goblins
  3 hobgoblins
  2 jackals (D:2)
  7 quokkas
  4 ball pythons
  3 bats
  2 frilled lizards
  4 gnoll zombies (Ossuary)
  A goblin zombie (Ossuary)
  2 hobgoblin zombies (Ossuary)
  14 kobolds
  2 orc zombies (Ossuary)
  A quokka skeleton (D:4)
  6 rats
200 creatures vanquished.

Notes
Turn   | Place    | Note
-------+----------+-------------------------------------------
     0 | Abyss:1  | croobank the Demonspawn Abyssal Knight began the quest for
                  | the Orb.
     0 | Abyss:1  | Reached XP level 1. HP: 18/18 MP: 2/2
    26 | Abyss:2  | Noticed a ynoxinul
    26 | Abyss:2  | Noticed a smoke demon
    27 | Abyss:2  | Noticed an apocalypse crab
    28 | Abyss:2  | Noticed an eye of devastation
    29 | D:1      | Escaped the Abyss
   121 | D:1      | Reached skill level 1 in Dodging
   182 | D:1      | Reached * piety under Lugonu
   448 | D:1      | Gained mutation: You are partially covered in slimy green
                  | scales. (AC +2) [demonic ancestry]
   448 | D:1      | Reached XP level 2. HP: 24/24 MP: 3/3
   485 | D:1      | Found a faded altar of an unknown god.
   550 | D:1      | Reached skill level 2 in Axes
  1352 | D:2      | Reached XP level 3. HP: 20/29 MP: 5/5
  1620 | D:2      | Noticed Natasha
  1654 | D:2      | Killed Natasha
  1765 | D:2      | Reached skill level 1 in Shields
  1850 | D:2      | Reached XP level 4. HP: 27/35 MP: 6/6
  2042 | D:2      | Noticed Natasha
  2048 | D:2      | Killed Natasha
  2263 | D:2      | Noticed Natasha
  2267 | D:2      | Killed Natasha
  2717 | D:3      | Found a transporter.
  2794 | D:3      | Found a transporter.
  3106 | D:3      | Gained mutation: You are mostly covered in slimy green
                  | scales. (AC +3) [demonic ancestry]
  3106 | D:3      | Reached XP level 5. HP: 41/41 MP: 7/7
  3580 | D:4      | Reached ** piety under Lugonu
  3910 | D:4      | Noticed a sky beast
  3940 | D:4      | Killed a sky beast
  3941 | D:4      | Reached skill level 3 in Axes
  3941 | D:4      | Gained mutation: Your demonic aura sometimes causes spilled
                  | blood to erupt in flames. [demonic ancestry]
  3941 | D:4      | Reached XP level 6. HP: 27/48 MP: 7/9
  4298 | D:4      | Noticed Eustachio
  4307 | D:4      | Found a staircase to the Ecumenical Temple.
  4321 | D:4      | Killed Eustachio
  4379 | D:4      | Found a basalt altar of Yredelemnul.
  4392 | D:4      | Noticed an angel
  4446 | D:5      | Entered Level 5 of the Dungeon
  4474 | D:5      | Gained mutation: Your touch may inflict minor irresistible
                  | damage on your foes. [demonic ancestry]
  4474 | D:5      | Reached XP level 7. HP: 54/54 MP: 10/10
  4768 | D:5      | Found a hazy altar of Hepliaklqana.
  5771 | D:6      | Reached skill level 5 in Invocations
  6031 | D:6      | Reached XP level 8. HP: 56/61 MP: 11/11
  6154 | D:6      | Found Otalol's General Store.
  6296 | D:6      | Reached skill level 4 in Axes
  6661 | D:6      | Noticed Blork the orc
  6676 | D:6      | Killed Blork the orc
  6957 | D:6      | Identified the +2 ring mail of Sin {Dex+4 Slay+5}
  7229 | D:6      | Reached skill level 5 in Axes
  7493 | D:7      | Found a sand-covered staircase.
  7501 | Ossuary  | Entered an ossuary
  7675 | Ossuary  | Reached skill level 6 in Axes
  7676 | Ossuary  | Reached *** piety under Lugonu
  7877 | Ossuary  | Reached skill level 7 in Axes
  8234 | Ossuary  | Gained mutation: You are completely covered in slimy green
                  | scales. (AC +4, rPois) [demonic ancestry]
  8234 | Ossuary  | Reached XP level 9. HP: 67/67 MP: 12/12
  8395 | D:7      | Reached skill level 8 in Axes
  8692 | D:7      | Reached skill level 9 in Axes
  8979 | D:7      | Found an iron altar of Okawaru.
  9379 | D:8      | Reached skill level 10 in Axes
  9924 | D:8      | Reached **** piety under Lugonu
 10080 | D:8      | Found Onistrul's Assorted Antiques.
 10084 | D:8      | Bought a scroll labelled XEYNI SEZUALUR for 27 gold pieces
 10084 | D:8      | Bought a knobbly agate ring for 135 gold pieces
 10084 | D:8      | Bought a scroll labelled PEUSOV ZUASS for 27 gold pieces
 10141 | D:8      | Found a blossoming altar of Fedhas.
 10153 | D:8      | Noticed an oklob plant
 10624 | D:9      | You fall into a shaft and drop 1 floor!
 10624 | D:10     | Entered Level 10 of the Dungeon
 10701 | D:10     | Reached skill level 11 in Axes
 10701 | D:10     | Reached XP level 10. HP: 55/73 MP: 13/13
 10719 | D:9      | Found Xootu's Armour Emporium.
 10967 | D:9      | Reached skill level 12 in Axes
 11315 | D:9      | Found a staircase to the Orcish Mines.
 11958 | D:10     | Noticed Maurice
 11967 | D:10     | Killed Maurice
 11968 | D:10     | Reached skill level 13 in Axes
 12125 | D:10     | Noticed a two-headed ogre
 12150 | D:10     | HP: 2/73 [two-headed ogre (12)]
 12479 | D:10     | Killed a two-headed ogre
 12726 | D:10     | Noticed Maggie
 12735 | D:10     | Killed Maggie
 12736 | D:10     | Gained mutation: Your touch may inflict irresistible damage
                  | on your foes. [demonic ancestry]
 12736 | D:10     | Reached XP level 11. HP: 61/78 MP: 14/14
 13228 | D:11     | Noticed a centaur warrior
 13239 | D:11     | Killed a centaur warrior
 13289 | D:11     | Reached skill level 14 in Axes
 13307 | D:11     | Noticed a death yak
 13328 | D:11     | Killed a death yak
 13401 | D:11     | Noticed Snorg
 13403 | D:11     | Noticed a two-headed ogre
 13406 | D:11     | Mangled by Snorg

Illustrated notes

Levels and vault maps discovered:
D:1:      ebering_hopf_link, layout_basic,
          shapermc_ecumenical_altar_starsandcircs
D:2:      layout_basic, serial_park_tiny_2, uniq_natasha
D:3:      gammafunk_steamed_eel, layout_basic, minmay_fractal_squares_5
D:4:      layout_cave_pools, grunt_temple_overflow_holy_war,
          minmay_temple_entry_sparse_star, uniq_eustachio
D:5:      cheibrodos_quashed, layout_loops_corners,
          mainiacjoe_overflow_tiny_flanked
D:6:      layout_layer_cave, serial_shops, shop, uniq_blork_the_orc
D:7:      layout_loops_cross, nicolae_overflow_squiral,
          nicolae_ossuary_entry_plus, minivault_5, kennysheep_generic_room_3
D:8:      layout_basic, tgw_fedhas, serial_shops, shop, special_room
          [special_room_orc]
D:9:      layout_roguey, orc_0_dummy, serial_shops, nicolae_stop_n_shop_1
D:10:     layout_basic, uniq_maurice, uniq_maggie
D:11:     layout_loops_ring, dpeg_lair_monsters, lightli_wizard_tower,
          uniq_harold, uniq_urug, uniq_snorg, uniq_fannar

Skill      XL: |  1  2  3  4  5  6  7  8  9 10 11 |
---------------+----------------------------------+-----
Dodging        | 1 2 3 |  3.2
Armour         | 2 3 |  3.8
Axes           | 2 3 7 11 13 14 | 14.2
Invocations    | 3 4 5 |  5.2
Shields        | 1 2 3 |  3.1
Fighting       | 4 |  4.8

Action                   |  1- 3 |  4- 6 |  7- 9 | 10-12 || total
-------------------------+-------+-------+-------+-------++-------
Melee: Hand axe          |    50 |       |   280 |     1 ||   331
       War axe           |    34 |    96 |    87 |   166 ||   383
       Unarmed           |    22 |       |       |       ||    22
 Fire: Hunting sling     |       |       |    16 |     6 ||    22
Invok: Depart the Abyss  |     1 |       |       |       ||     1
Evoke: Wand              |       |       |     2 |       ||     2
  Use: Scroll            |     5 |     4 |     6 |     3 ||    18
       Potion            |     3 |     1 |       |     2 ||     6
 Stab: Sleeping          |       |     1 |       |       ||     1
Armor: Leather armour    |    37 |    24 |       |       ||    61
       Chain mail        |       |    45 |    66 |       ||   111
       Ring mail         |       |       |    95 |    81 ||   176
Dodge: Dodged            |    70 |    42 |   133 |    85 ||   330
Block: Buckler           |    13 |    27 |    62 |    52 ||   154

Table legend: (Time is in decaauts)
 A = Elapsed time spent in this place.
 B = Non-inter-level travel time spent in this place.
 C = Inter-level travel time spent in this place.
 D = Time resting spent in this place.
 E = Time spent auto-exploring this place.
 F = Levels seen in this place.
 G = Mean time per level.
                   A        B        C        D        E       F      G
               +--------+--------+--------+--------+--------+-----+--------+
         Total |  13491 |  13220 |    271 |   2108 |   8650 |  14 |  963.6 |
       Dungeon |  12636 |  12365 |    271 |   1711 |   8563 |  11 | 1148.7 |
         Abyss |     28 |     28 |      0 |      0 |      0 |   2 |   14.0 |
       Ossuary |    826 |    826 |      0 |    397 |     87 |   1 |  826.0 |
               +--------+--------+--------+--------+--------+-----+--------+

Top non-repeatable levels by time:
     D:6: 2135 daAuts
     D:9: 1340 daAuts
     D:2: 1333 daAuts
     D:1: 1326 daAuts
    D:10: 1292 daAuts
     D:8: 1228 daAuts
     D:7: 1089 daAuts
     D:3: 928 daAuts
     D:4: 904 daAuts
     D:5: 885 daAuts
 Ossuary: 826 daAuts
    D:11: 172 daAuts
 Abyss:2: 22 daAuts
 Abyss:1: 6 daAuts
